[Event "Titled Tuesday Blitz February 07 Early 2023"]
[White "So, Wesley"]
[Black "Szpar, Milosz"]
[WhiteFideId "5202213"]
[BlackFideId "1184989"]
[WhiteElo "2760"]
[BlackElo "2447"]
[Result "1-0"]
[Round "03"]
[TimeControl "180+2"]
[Date "2023.02.07"]
[WhiteClock "0:00:56"]
[BlackClock "0:00:02"]

1. d4 Nf6 2. c4 c5 3. d5 e6 4. Nc3 exd5 5. cxd5 d6 6. e4 g6 7. Nf3 a6 8. a4 Bg4 9. Be2 Bxf3 10. Bxf3 Nbd7 11. Bf4 Qe7 12. Qb3 Rb8 13. O-O Bg7 14. Rfe1 O-O 15. a5 Ne8 16. Qc2 Nc7 17. Be2 Rfe8 18. Bf1 b5 19. axb6 Rxb6 20. Ra2 Reb8 21. Bg3 Bd4 22. Kh1 R8b7 23. f3 Qf8 24. Nd1 Qb8 25. b3 Ne5 26. f4 Nd7 27. Bc4 Rb4 28. e5 Nb5 29. e6 Nf6 30. f5 Kg7 31. Rxa6 Nh5 32. Bf2 Be5 33. Ne3 Nd4 34. Qd2 Nxb3 35. Bxb3 Rxb3 36. Ng4 Bf4 37. f6+ Kh8 38. e7 Qe8 39. Ra8 Rb8 40. Rxb8 Rxb8 41. Be3 Bxe3 42. Qxe3 Rc8 43. Nh6 Nxf6 44. Qc3 Kg7 45. Ng4 Qxe7 1-0


[Site "https://www.chess.com"]

[Event "Titled Tuesday Blitz February 07 Early 2023"]
[White "Vaishali, Rameshbabu"]
[Black "Fedoseev, Vladimir"]
[WhiteFideId "5091756"]
[BlackFideId "24130737"]
[WhiteElo "2418"]
[BlackElo "2680"]
[Result "1-0"]
[Round "03"]
[TimeControl "180+2"]
[Date "2023.02.07"]
[WhiteClock "0:00:13"]
[BlackClock "0:00:05"]

1. e4 c6 2. d4 d5 3. e5 Bf5 4. h4 h5 5. Bd3 Bxd3 6. Qxd3 Qa5+ 7. Nd2 e6 8. Nf3 Be7 9. O-O Nh6 10. Nb3 Qa6 11. Qd1 Nd7 12. Bg5 Bxg5 13. Nxg5 Nf5 14. g3 Rc8 15. c3 b6 16. a4 c5 17. a5 c4 18. axb6 Qxb6 19. Nc1 Rc7 20. Ra2 g6 21. Ne2 Kf8 22. Nf4 Kg7 23. Qe2 a5 24. Rfa1 Ra7 25. Kh2 Rha8 26. Kh3 Nh6 27. Qf3 a4 28. Qd1 Qc6 29. Qc2 Nf5 30. f3 Nb6 31. g4 hxg4+ 32. fxg4 Ne7 33. Rf1 Rf8 34. Qf2 Raa8 35. Nh5+ Kg8 36. Qf6 gxh5 37. Qh6 hxg4+ 38. Kg2 1-0


[Site "https://www.chess.com"]

[Event "Titled Tuesday Blitz February 07 Early 2023"]
[White "Wagh Suyog"]
[Black "Daneshvar, Bardiya"]
[WhiteFideId "25071688"]
[BlackFideId "12576468"]
[WhiteElo "2313"]
[BlackElo "2540"]
[Result "1/2-1/2"]
[Round "03"]
[TimeControl "180+2"]
[Date "2023.02.07"]
[WhiteClock "0:00:14"]
[BlackClock "0:00:15"]

1. d4 Nf6 2. c4 Nc6 3. Nf3 g6 4. g3 Bg7 5. Bg2 O-O 6. O-O d5 7. cxd5 Nxd5 8. e4 Nb6 9. d5 Na5 10. Nc3 c6 11. dxc6 Nxc6 12. Qc2 Bg4 13. Be3 Nc4 14. Qe2 Nxe3 15. Qxe3 Bxf3 16. Bxf3 e6 17. Rfd1 Qe7 18. Rd2 Rad8 19. Rad1 a6 20. Qb6 Rxd2 21. Rxd2 Bxc3 22. bxc3 Ne5 23. Be2 Rc8 24. Qb4 Qc7 25. f4 Nc6 26. Qc5 b6 27. Qe3 b5 28. c4 bxc4 29. Bxc4 Nb4 30. Bf1 Qc3 31. Qxc3 Rxc3 32. Rd8+ Kg7 33. Rb8 a5 34. a4 Rc1 35. Kf2 Rc2+ 36. Kg1 Ra2 37. Bb5 Nc2 38. Rb7 Nd4 39. Be8 Kf8 40. Bxf7 Rxa4 41. Kf2 Ra3 42. Rd7 Ra2+ 43. Ke3 Nc2+ 44. Kd3 Nb4+ 45. Kc4 Re2 46. e5 Rc2+ 47. Kb5 Nd5 48. Kxa5 Rc7 49. Bxe6 Rc5+ 50. Ka6 Nc7+ 51. Kb6 Nxe6 52. Rd6 Rc2 53. Rxe6 Rxh2 54. Rf6+ Ke7 55. Rc6 Rg2 56. Rc7+ Ke6 57. Rxh7 Rxg3 58. Rg7 Rg4 59. Kc5 Rxf4 60. Rxg6+ Kxe5 61. Rg5+ Kf6 62. Rg1 Ra4 63. Kb5 Rf4 64. Kc5 Rf5+ 65. Kc4 Rh5 66. Kd3 Ke5 67. Ke3 Rh3+ 68. Kf2 Ra3 69. Rg3 Ra2+ 70. Kf3 Kf5 71. Rg1 Ra3+ 72. Kf2 Kf4 73. Rd1 Ra2+ 74. Kf1 Ke3 75. Re1+ Kf3 76. Rb1 Ra3 77. Ke1 Rd3 78. Rd1 Re3+ 79. Kd2 Re2+ 80. Kd3 Rf2 81. Rd2 Rf1 82. Rb2 Ra1 83. Rc2 Kf4 84. Rf2+ Ke5 85. Re2+ Kd5 86. Ke3 Ra3+ 87. Kf4 Ra4+ 88. Kf5 Ra8 89. Rd2+ Kc4 90. Rc2+ Kd3 91. Rc7 Rf8+ 92. Ke6 Rf1 93. Re7 Re1+ 94. Kd6 Rh1 95. Re6 Kd4 96. Rg6 Ra1 97. Rg4+ Ke3 98. Rg3+ Kf4 99. Rb3 Ra6+ 100. Kd5 Rh6 101. Rb4+ Ke3 102. Rb3+ Kd2 103. Rb2+ Kd3 104. Rb3+ Kc2 105. Rg3 Rh2 106. Ke4 Rh8 107. Kd5 Rd8+ 108. Kc4 Rc8+ 109. Kd4 Rd8+ 110. Ke4 Re8+ 1/2-1/2


[Site "https://www.chess.com"]

[Event "Titled Tuesday Blitz February 07 Early 2023"]
[White "Terry, Renato"]
[Black "Tan, Zhongyi"]
[WhiteFideId "3803457"]
[BlackFideId "8603642"]
[WhiteElo "2520"]
[BlackElo "2517"]
[Result "1-0"]
[Round "03"]
[TimeControl "180+2"]
[Date "2023.02.07"]
[WhiteClock "0:00:11"]
[BlackClock "0:00:21"]

1. Nf3 c5 2. b3 d5 3. Bb2 f6 4. c4 d4 5. b4 e5 6. bxc5 Bxc5 7. d3 Nc6 8. g3 Nh6 9. Bg2 O-O 10. Nbd2 Be6 11. O-O Qd7 12. Nb3 Be7 13. a4 a5 14. Nfd2 Bh3 15. Bd5+ Kh8 16. Re1 Nb4 17. Bh1 f5 18. Nf3 Bf6 19. Ba3 Ng4 20. Nxa5 e4 21. Bxb4 Rfe8 22. dxe4 fxe4 23. e3 dxe3 24. fxe3 exf3 25. Bxf3 Ne5 26. Bg2 Nd3 27. Bxh3 Qxh3 28. Qxd3 Bxa1 29. Rxa1 Rad8 30. Qe2 Re5 31. Nxb7 Rde8 32. Nd6 Rxe3 33. Qf1 Rxg3+ 34. hxg3 Qxg3+ 35. Qg2 Qe3+ 36. Qf2 Qg5+ 37. Kf1 Qh5 38. Nxe8 Qh1+ 39. Ke2 Qe4+ 40. Kd2 h6 41. Qf8+ 1-0


[Site "https://www.chess.com"]

[Event "Titled Tuesday Blitz February 07 Early 2023"]
[White "Indjic, Aleksandar"]
[Black "Costachi, Mihnea"]
[WhiteFideId "911925"]
[BlackFideId "1217518"]
[WhiteElo "2618"]
[BlackElo "2476"]
[Result "1-0"]
[Round "03"]
[TimeControl "180+2"]
[Date "2023.02.07"]
[WhiteClock "0:00:59"]
[BlackClock "0:00:14"]

1. e4 e5 2. Nf3 Nf6 3. Nc3 Nc6 4. d4 exd4 5. Nxd4 Bb4 6. Nxc6 bxc6 7. Bd3 d5 8. exd5 cxd5 9. O-O O-O 10. h3 h6 11. Qf3 c6 12. Bf4 Bd6 13. Rfe1 Rb8 14. b3 Rb4 15. Bxd6 Qxd6 16. Na4 c5 17. c4 d4 18. Qg3 Qc6 19. Re5 Nd7 20. Rd5 Re8 21. Rd6 Qc7 22. Re6 Qd8 23. Rxh6 Ne5 24. Nxc5 Rb6 25. Rxb6 axb6 26. Na4 Bb7 27. Nb2 Qe7 28. Rd1 Qa3 29. Na4 Qxa2 30. Nxb6 Qxb3 31. Bh7+ Kxh7 32. Qxb3 d3 33. Nd5 Bc6 34. f4 Ng6 35. Qxd3 Rd8 36. f5 Nf4 37. Qe4 Nxd5 38. cxd5 Ba8 39. f6+ g6 40. Qh4+ Kg8 41. Qh6 1-0


[Site "https://www.chess.com"]

[Event "Titled Tuesday Blitz February 07 Early 2023"]
[White "Sokolovsky, Yahli"]
[Black "Zierk, Steven"]
[WhiteFideId "2820242"]
[BlackFideId "2034255"]
[WhiteElo "2461"]
[BlackElo "2488"]
[Result "0-1"]
[Round "03"]
[TimeControl "180+2"]
[Date "2023.02.07"]
[WhiteClock "0:00:38"]
[BlackClock "0:02:02"]

1. b3 e6 2. Bb2 f5 3. e3 Nf6 4. Nf3 d5 5. d4 Bd6 6. Ne5 Qe7 7. Nd2 O-O 8. Ndf3 Ne4 9. Bd3 Bb4+ 10. Kf1 Nd7 11. Nxd7 Bxd7 12. Qc1 Be8 13. c3 Bd6 14. a4 Bh5 15. Nd2 Qh4 16. Qe1 f4 17. Nxe4 dxe4 18. Bxe4 f3 19. Bxf3 Rxf3 20. gxf3 Bxf3 0-1


[Site "https://www.chess.com"]

[Event "Titled Tuesday Blitz February 07 Early 2023"]
[White "Sjugirov, Sanan"]
[Black "Oro, Faustino"]
[WhiteFideId "4189302"]
[BlackFideId "20000197"]
[WhiteElo "2712"]
[BlackElo "2269"]
[Result "1-0"]
[Round "03"]
[TimeControl "180+2"]
[Date "2023.02.07"]
[WhiteClock "0:00:11"]
[BlackClock "0:00:13"]

1. d4 Nf6 2. c4 e6 3. Nf3 b6 4. g3 Bb7 5. Bg2 Be7 6. O-O O-O 7. Nc3 Ne4 8. Bd2 d6 9. Qc2 Nxc3 10. Bxc3 f5 11. Ne1 Bxg2 12. Nxg2 Nd7 13. Nf4 Rf6 14. e4 e5 15. dxe5 Nxe5 16. Bxe5 dxe5 17. Nd5 Rf8 18. exf5 Bc5 19. Rad1 Bd4 20. Nc3 Qf6 21. Nb5 c5 22. Nc7 Rac8 23. Nd5 Qf7 24. Kg2 Rce8 25. g4 h5 26. h3 g6 27. f6 e4 28. g5 Qe6 29. f4 exf3+ 30. Rxf3 Rf7 31. Qxg6+ Kf8 32. Rdf1 Qe2+ 33. R1f2 Bxf2 34. Rxf2 Qe4+ 35. Qxe4 Rxe4 36. b3 Re5 37. h4 Re4 38. Kh3 Rg4 39. Re2 Rd7 40. Re6 Rd4 41. g6 Rg4 42. g7+ Kf7 43. Re7+ Rxe7 44. Nxe7 Rg1 45. a4 a5 46. g8=Q+ Rxg8 47. Nxg8 Kxg8 48. Kg3 Kf7 49. Kf3 Kxf6 50. Kf4 Ke6 51. Kg5 Ke5 52. Kxh5 Kd4 53. Kg5 Kc3 54. h5 Kxb3 55. h6 Kxa4 56. h7 Kb4 57. h8=Q Kxc4 58. Kf4 b5 59. Ke3 b4 60. Kd2 a4 61. Kc2 a3 62. Qg8+ Kb5 63. Kb3 1-0


[Site "https://www.chess.com"]

[Event "Titled Tuesday Blitz February 07 Early 2023"]
[White "Ajay, Karthikeyan"]
[Black "Ibarra Jerez, Jose Carlos"]
[WhiteFideId "35011685"]
[BlackFideId "2226332"]
[WhiteElo "2454"]
[BlackElo "2563"]
[Result "0-1"]
[Round "03"]
[TimeControl "180+2"]
[Date "2023.02.07"]
[WhiteClock "0:00:02"]
[BlackClock "0:01:40"]

1. e4 c5 2. Nf3 Nc6 3. Bb5 e6 4. O-O Nge7 5. Re1 Nd4 6. Nxd4 cxd4 7. c3 a6 8. Bf1 Nc6 9. b4 Bd6 10. Bb2 Qc7 11. g3 dxc3 12. dxc3 O-O 13. a3 Be5 14. f4 Bf6 15. e5 Be7 16. c4 b5 17. Nd2 Bb7 18. c5 a5 19. Bxb5 axb4 20. Ne4 bxa3 21. Rxa3 Rxa3 22. Bxa3 Qa5 23. Bxc6 Bxc6 24. Qc1 Rb8 25. Nd6 Rb3 26. Re3 Qa4 27. Rxb3 Qxb3 28. Qb2 Qf3 29. Nc8 Bf8 30. Nd6 Qh1+ 31. Kf2 Qxh2+ 32. Kf1 Qxg3 33. Bb4 Qxf4+ 34. Ke1 Qe3+ 0-1


[Site "https://www.chess.com"]

[Event "Titled Tuesday Blitz February 07 Early 2023"]
[White "Nguyen, Ngoc Truong Son"]
[Black "Malek, Jan"]
[WhiteFideId "12401110"]
[BlackFideId "21864080"]
[WhiteElo "2645"]
[BlackElo "2370"]
[Result "0-1"]
[Round "03"]
[TimeControl "180+2"]
[Date "2023.02.07"]
[WhiteClock "0:00:05"]
[BlackClock "0:00:05"]

1. d4 d5 2. Nf3 Nf6 3. c4 dxc4 4. e3 a6 5. Bxc4 e6 6. O-O b5 7. Bd3 Bb7 8. Qe2 c5 9. dxc5 Bxc5 10. Rd1 Nbd7 11. a4 b4 12. Nbd2 O-O 13. b3 Qe7 14. Bb2 Rfd8 15. Nc4 Ba7 16. h3 Nc5 17. Bc2 Be4 18. Nfe5 Bxc2 19. Qxc2 Qc7 20. Rxd8+ Rxd8 21. Rd1 Rxd1+ 22. Qxd1 Nd5 23. a5 f6 24. Nd3 Na4 25. Qg4 f5 26. Qxg7+ Qxg7 27. Bxg7 Kxg7 28. bxa4 Kf6 29. Kf1 b3 30. Ke1 e5 31. Nc1 Nc3 32. Nxb3 Nxa4 33. Kd2 Ke6 34. g4 Kd5 35. Na3 f4 36. Nc2 f3 37. Ne1 e4 38. Nc2 Kc4 39. Nbd4 Bc5 40. Ne6 Bd6 41. Ng5 Kd5 42. Nxh7 Nc5 43. Nf6+ Ke6 44. Nh5 Nd3 45. Nd4+ Kd5 46. Nf6+ Ke5 47. Nd7+ Kd5 48. Nxf3 Bb4+ 49. Kc2 Nxf2 50. Nf6+ Ke6 51. Nxe4 Nxe4 52. Nd4+ Kd5 53. Nb3 Nf2 54. g5 Nxh3 55. Kd3 Nxg5 56. Nd4 Ne4 57. Nf5 Nc5+ 58. Kc2 Bxa5 59. Nd4 Bb6 60. Ne2 Ne4 61. Nc3+ Nxc3 62. Kxc3 Bxe3 0-1


[Site "https://www.chess.com"]

[Event "Titled Tuesday Blitz February 07 Early 2023"]
[White "Weetik, Vjacheslav"]
[Black "Vokhidov, Shamsiddin"]
[WhiteFideId "4153472"]
[BlackFideId "14204223"]
[WhiteElo "2423"]
[BlackElo "2586"]
[Result "0-1"]
[Round "03"]
[TimeControl "180+2"]
[Date "2023.02.07"]
[WhiteClock "0:00:02"]
[BlackClock "0:00:21"]

1. d4 Nf6 2. c4 e6 3. Nf3 d5 4. Nc3 c6 5. e3 Nbd7 6. Bd3 dxc4 7. Bxc4 b5 8. Be2 Bb7 9. O-O a6 10. e4 b4 11. e5 bxc3 12. exf6 gxf6 13. bxc3 Bd6 14. Nd2 c5 15. Rb1 Rb8 16. Nc4 Bc7 17. Ba3 Be4 18. Bd3 Bd5 19. Qg4 f5 20. Qg7 Qf6 21. Qxf6 Nxf6 22. Rxb8+ Bxb8 23. Bxc5 h5 24. Rb1 Bc7 25. Ne3 Be4 26. Bxe4 Nxe4 27. Rb7 Kd7 28. Bb6 Rc8 29. c4 f4 30. Nc2 Kc6 31. Rxc7+ Rxc7 32. Bxc7 Kxc7 33. f3 Nd6 34. Na3 Nf5 35. Nc2 Nd6 36. c5 Nf5 37. g3 fxg3 38. hxg3 Nxg3 39. Kf2 Nf5 40. f4 a5 41. Kf3 Kc6 42. Ke4 h4 43. Ne1 h3 44. Nf3 f6 45. Nh2 a4 46. a3 Kb5 47. d5 Kxc5 0-1


[Site "https://www.chess.com"]

[Event "Titled Tuesday Blitz February 07 Early 2023"]
[White "Seo, Jung Min"]
[Black "Keymer, Vincent"]
[WhiteFideId "1734687"]
[BlackFideId "12940690"]
[WhiteElo "2494"]
[BlackElo "2700"]
[Result "0-1"]
[Round "03"]
[TimeControl "180+2"]
[Date "2023.02.07"]
[WhiteClock "0:00:03"]
[BlackClock "0:00:03"]

1. e4 c6 2. Nf3 d5 3. Nc3 dxe4 4. Nxe4 Nf6 5. Qe2 Nxe4 6. Qxe4 Nd7 7. d4 Nf6 8. Qf4 Nd5 9. Qd2 Bg4 10. Ne5 Bf5 11. Bd3 Bxd3 12. Nxd3 e6 13. O-O Bd6 14. c3 Qh4 15. g3 Qh3 16. c4 Ne7 17. Qe2 Rd8 18. Be3 h5 19. Rad1 h4 20. Nf4 Qf5 21. g4 Qf6 22. Nh5 Qg6 23. Kh1 h3 24. f3 Kf8 25. b3 Rxh5 26. gxh5 Qxh5 27. Rg1 Nf5 28. Bf2 Qh6 29. Qe4 Qf4 30. Bg3 Qe3 31. Bxd6+ Rxd6 32. Qxe3 Nxe3 33. Rd3 Nf5 34. Rgd1 g5 35. Kg1 Kg7 36. Kf2 Kg6 37. f4 gxf4 38. Kf3 Kg5 39. Rg1+ Kf6 40. Rgd1 Rd8 41. Ke4 a6 42. Rxh3 c5 43. Kxf4 cxd4 44. Rhd3 e5+ 45. Ke4 Ke6 46. Rh3 Ne3 47. Rf1 Nxf1 0-1


[Site "https://www.chess.com"]

[Event "Titled Tuesday Blitz February 07 Early 2023"]
[White "Chernobay, Artem"]
[Black "Bruzon Batista, Lazaro"]
[WhiteFideId "4167406"]
[BlackFideId "3503739"]
[WhiteElo "2484"]
[BlackElo "2611"]
[Result "0-1"]
[Round "03"]
[TimeControl "180+2"]
[Date "2023.02.07"]
[WhiteClock "0:00:12"]
[BlackClock "0:00:26"]

1. e4 c5 2. Nf3 e6 3. d4 cxd4 4. Nxd4 Nc6 5. Nc3 Qc7 6. Nxc6 bxc6 7. Bd3 d5 8. O-O Nf6 9. Re1 Be7 10. b3 O-O 11. Bb2 Re8 12. Qf3 Bb7 13. e5 Nd7 14. Bxh7+ Kxh7 15. Qxf7 Bg5 16. f4 Bh6 17. f5 Rf8 18. Qxe6 Rae8 19. Qg6+ Kg8 20. e6 Nf6 21. Na4 Qe7 22. Bd4 Ne4 23. Rxe4 dxe4 24. Nc5 Bc8 25. Rf1 Rd8 26. c3 Rxd4 27. cxd4 Be3+ 28. Kh1 Bxd4 29. Nxe4 Qxe6 0-1


[Site "https://www.chess.com"]

[Event "Titled Tuesday Blitz February 07 Early 2023"]
[White "Kamsky, Gata"]
[Black "Skvortsov, Andrei"]
[WhiteFideId "2000024"]
[BlackFideId "24108600"]
[WhiteElo "2665"]
[BlackElo "2313"]
[Result "1-0"]
[Round "03"]
[TimeControl "180+2"]
[Date "2023.02.07"]
[WhiteClock "0:00:06"]
[BlackClock "0:00:02"]

1. d4 g6 2. c3 d5 3. Bf4 Nf6 4. Nf3 Bg7 5. Nbd2 O-O 6. e3 Nbd7 7. h3 c5 8. Be2 b6 9. O-O Bb7 10. a4 a5 11. Qb3 Qc8 12. Rfd1 Ba6 13. Bxa6 Qxa6 14. Ne5 Nxe5 15. Bxe5 Rfd8 16. Bc7 c4 17. Qxb6 Qxb6 18. Bxb6 Rdb8 19. Bc5 Bf8 20. Rdb1 Nd7 21. Ba3 Nb6 22. b3 cxb3 23. Bc5 Nc4 24. Nxb3 Rb7 25. Nc1 Rab8 26. Rxb7 Rxb7 27. Nd3 Rb3 28. Rc1 e6 29. Bxf8 Kxf8 30. Nc5 Rb2 31. g4 h6 32. e4 dxe4 33. Nxe4 Ra2 34. Nc5 Rb2 35. Kg2 Ke7 36. Kf3 g5 37. Kg3 Ke8 38. f4 Ke7 39. h4 gxf4+ 40. Kxf4 Rh2 41. Kg3 Rb2 42. g5 hxg5 43. hxg5 Kf8 44. Kf4 Kg7 45. Rh1 Rf2+ 46. Ke4 Rg2 47. Kf4 Rf2+ 48. Ke4 Rg2 49. Kf4 Rc2 50. Rh3 Rf2+ 51. Rf3 Rb2 52. Rh3 Rf2+ 53. Kg3 Rb2 54. Kg4 Rg2+ 55. Kf4 Rc2 56. Ke4 Rg2 57. Kf4 Nd6 58. Rg3 Rf2+ 59. Kg4 Rb2 60. Rf3 Nf5 61. Kf4 Rc2 62. Ke5 Kg6 63. d5 Re2+ 64. Ne4 exd5 65. Kxd5 Nh4 66. Rf6+ Kg7 67. Ra6 Ng6 68. Rxa5 Nf4+ 69. Kd4 Ra2 70. c4 Ne6+ 71. Kc3 Ra1 72. Kb4 Kg6 73. Ra6 Rb1+ 74. Kc3 Kg7 75. c5 Rc1+ 76. Kd3 Re1 77. Rb6 Rc1 78. Rb5 Nc7 79. Rb7 Nd5 80. a5 Ra1 81. Kd4 Nf4 82. Ra7 Ne6+ 83. Kd5 Rd1+ 84. Kc4 Rd4+ 85. Kb5 Rxe4 86. a6 Re1 87. Rb7 Rb1+ 88. Ka5 Rc1 89. Kb6 Nxc5 90. Rc7 Na4+ 91. Kb7 Rb1+ 92. Kc8 Nb6+ 93. Kb8 Ra1 94. a7 Nd5 95. Rb7 Nf4 96. a8=Q Rxa8+ 97. Kxa8 Ne6 98. Rb6 Kg6 99. Kb7 Kxg5 100. Kc6 Nf4 101. Kd6 f6 102. Rb5+ Kg6 103. Kc5 Ne6+ 104. Kd5 Ng5 105. Kd4 Kf7 106. Ke3 Kg6 107. Kf4 Ne6+ 108. Kg4 Ng5 109. Rb6 Kg7 110. Kf5 Nf7 111. Rb7 Kg8 112. Kxf6 Nh6 113. Rb8+ Kh7 114. Rf8 Ng8+ 115. Kf7 Nh6+ 116. Kf6 Ng8+ 117. Ke6 Kg7 118. Rf2 Nh6 119. Rg2+ Kf8 120. Rg1 Ke8 121. Rg6 Nf7 122. Rg8# 1-0


[Site "https://www.chess.com"]

[Event "Titled Tuesday Blitz February 07 Early 2023"]
[White "Timofeev, Artyom"]
[Black "Liyanage, Ranindu Dilshan"]
[WhiteFideId "4140419"]
[BlackFideId "9915834"]
[WhiteElo "2567"]
[BlackElo "2342"]
[Result "1-0"]
[Round "03"]
[TimeControl "180+2"]
[Date "2023.02.07"]
[WhiteClock "0:00:07"]
[BlackClock "0:00:06"]

1. e4 e5 2. Nf3 Nc6 3. Bb5 a6 4. Ba4 Nf6 5. d3 Bc5 6. c3 b5 7. Bc2 d6 8. h3 h6 9. d4 Bb6 10. O-O O-O 11. Be3 exd4 12. cxd4 Nb4 13. Nbd2 Nxc2 14. Qxc2 Bb7 15. Rfe1 Re8 16. d5 Bxe3 17. Rxe3 Rc8 18. Nd4 Nd7 19. Qc3 Qf6 20. Rf3 Qg6 21. Nf5 Qf6 22. Rc1 Qxc3 23. Rfxc3 Nc5 24. b4 Nxe4 25. Nxe4 Rxe4 26. Rxc7 Rxc7 27. Rxc7 Re5 28. Ne7+ Kf8 29. Rxb7 Rxe7 30. Rb6 Re1+ 31. Kh2 Re2 32. Rxa6 Rxf2 33. Rxd6 Rxa2 34. Rb6 Ke7 35. Rxb5 Kd6 36. Rb7 Rf2 37. Kg3 Rf5 38. Rb6+ Kd7 39. d6 g6 40. b5 h5 41. Kh4 Ke6 42. Kg3 Kd7 43. Kh4 Ke6 44. g4 hxg4 45. hxg4 Rf1 46. Kg5 Rb1 47. Rb7 Rf1 48. d7 Ke7 49. b6 Rb1 50. Kh6 Rb4 51. g5 Rf4 52. Kg7 Rf5 53. Rc7 Kd8 54. Rc8+ Kxd7 55. b7 Rc5 1-0


[Site "https://www.chess.com"]

[Event "Titled Tuesday Blitz February 07 Early 2023"]
[White "Assaubayeva, Bibisara"]
[Black "Madaminov, Mukhiddin"]
[WhiteFideId "13708694"]
[BlackFideId "14210703"]
[WhiteElo "2464"]
[BlackElo "2422"]
[Result "1-0"]
[Round "03"]
[TimeControl "180+2"]
[Date "2023.02.07"]
[WhiteClock "0:00:20"]
[BlackClock "0:00:20"]

1. e4 e5 2. Nf3 Nc6 3. Bc4 Nf6 4. d3 h6 5. O-O d6 6. a4 g6 7. a5 Bg7 8. a6 b6 9. Bb5 Bd7 10. c4 O-O 11. Nc3 Nb4 12. Ra4 c5 13. b3 Kh7 14. Ba3 Nc6 15. b4 Nd4 16. Bxd7 Qxd7 17. b5 Nh5 18. Nxd4 exd4 19. Nd5 f5 20. Bc1 fxe4 21. dxe4 Rae8 22. Qd3 Nf6 23. Nxf6+ Rxf6 24. Ra2 h5 25. Re2 Bh6 26. Bxh6 Kxh6 27. f4 Qf7 28. g3 Kh7 29. Kg2 Re7 30. Rfe1 Rfe6 31. h4 Qe8 32. Kf3 Qa8 33. Kf2 Kg7 34. Qf3 Qf8 35. Kg2 Rf6 36. Qd3 Rfe6 37. Qf3 Qf7 38. Qd3 Rf6 39. Kg1 Qe8 40. Kg2 Qd7 41. Qf3 Qe6 42. Qd3 Qg4 43. Rf2 Rfe6 44. Ree2 Re8 45. Re1 R6e7 46. Rfe2 Rf8 47. Rf2 Rfe8 48. Rfe2 Kh7 49. Rf2 Rf8 50. Ree2 Qd7 51. f5 gxf5 52. exf5 Rxe2 53. Qxe2 Rxf5 54. Qe4 Kg6 55. g4 hxg4 56. Qxg4+ Kf6 57. Qg5+ Ke5 58. Re2# 1-0


[Site "https://www.chess.com"]

[Event "Titled Tuesday Blitz February 07 Early 2023"]
[White "Pap, Gyula"]
[Black "Garayev, Kanan"]
[WhiteFideId "725323"]
[BlackFideId "13406671"]
[WhiteElo "2429"]
[BlackElo "2346"]
[Result "1-0"]
[Round "03"]
[TimeControl "180+2"]
[Date "2023.02.07"]
[WhiteClock "0:01:02"]
[BlackClock "0:00:19"]

1. d3 e5 2. e4 Nf6 3. f4 exf4 4. Bxf4 Nc6 5. Be2 g6 6. Nc3 Bg7 7. e5 Nh5 8. Bxh5 Qh4+ 9. Bg3 Qxh5 10. Qxh5 gxh5 11. Nf3 O-O 12. Nd5 b6 13. Nxc7 Rb8 14. O-O Bb7 15. Nd5 Rbe8 16. Rae1 Nxe5 17. Nxe5 Bxe5 18. Bxe5 Bxd5 19. c4 Bc6 20. Bd6 Rxe1 21. Rxe1 Rc8 22. Re5 f6 23. Re7 Rf8 24. Kf2 Rf7 25. Re8+ Kg7 26. h4 b5 27. b3 bxc4 28. dxc4 a5 29. g3 Kg6 30. a3 Kf5 31. b4 axb4 32. axb4 Rg7 33. b5 Bh1 34. b6 Rg4 35. Bf4 d6 36. Re7 Rg8 37. Bxd6 Ra8 38. b7 Ra2+ 39. Ke3 Rb2 40. b8=Q 1-0


[Site "https://www.chess.com"]

[Event "Titled Tuesday Blitz February 07 Early 2023"]
[White "Bachmann, Axel"]
[Black "Tristan, Leonardo"]
[WhiteFideId "3700488"]
[BlackFideId "113816"]
[WhiteElo "2604"]
[BlackElo "2545"]
[Result "1-0"]
[Round "03"]
[TimeControl "180+2"]
[Date "2023.02.07"]
[WhiteClock "0:00:08"]
[BlackClock "0:00:02"]

1. e4 Nf6 2. e5 Nd5 3. d4 d6 4. Nf3 dxe5 5. Nxe5 c6 6. Bd3 Nd7 7. Nf3 g6 8. O-O Bg7 9. Re1 O-O 10. h3 Re8 11. c4 Nc7 12. Nc3 e5 13. Bg5 f6 14. Bh4 exd4 15. Rxe8+ Nxe8 16. Nxd4 Ne5 17. Bf1 Qb6 18. Qd2 g5 19. Bg3 f5 20. Bxe5 Bxe5 21. Qxg5+ Ng7 22. Nf3 Bxc3 23. bxc3 Be6 24. Nd4 c5 25. Rb1 Qxb1 26. Nxe6 Kf7 27. Nxg7 Rg8 28. Qxf5+ Qxf5 29. Nxf5 Rd8 30. g4 Rd2 31. a4 b6 32. Bg2 Kf6 33. Bc6 Rd3 34. Ne3 Ke5 35. Nd5 Rxh3 36. Kg2 Rh6 37. Bb5 Rg6 38. Kg3 Rg7 39. f4+ Ke4 40. Nf6+ Ke3 41. Nd5+ Ke4 42. f5 Ke5 43. Kh3 h5 44. f6 hxg4+ 45. Kg3 Rh7 46. Be8 Ke6 47. f7 Rh8 48. Kxg4 a6 49. Kg5 Rh1 50. f8=Q Rg1+ 51. Kh6 Rh1+ 52. Bh5 1-0


[Site "https://www.chess.com"]

[Event "Titled Tuesday Blitz February 07 Early 2023"]
[White "Makarian, Rudik"]
[Black "Vlassov, Nikolai"]
[WhiteFideId "44105681"]
[BlackFideId "4103360"]
[WhiteElo "2545"]
[BlackElo "2283"]
[Result "1-0"]
[Round "03"]
[TimeControl "180+2"]
[Date "2023.02.07"]
[WhiteClock "0:00:05"]
[BlackClock "0:00:02"]

1. d4 Nf6 2. c4 Nc6 3. Nf3 e6 4. Nc3 Bb4 5. Bd2 O-O 6. g3 d6 7. Bg2 e5 8. d5 Nb8 9. O-O a5 10. Ne1 Bc5 11. Nd3 Ba7 12. a3 c6 13. dxc6 bxc6 14. b4 Re8 15. Bg5 h6 16. Bxf6 Qxf6 17. b5 Bb7 18. Rb1 Bd4 19. Ne4 Qg6 20. e3 cxb5 21. Nf6+ Qxf6 22. Bxb7 Ra7 23. Bd5 bxc4 24. Bxc4 e4 25. Nf4 Bc5 26. a4 Nc6 27. Bb5 Rc8 28. Bxc6 Rxc6 29. Qd5 Rb6 30. Rxb6 Bxb6 31. Rb1 Bc5 32. Rb8+ Kh7 33. Qxe4+ g6 34. h4 Qa1+ 35. Kg2 Qe5 36. Qf3 f5 37. h5 g5 38. Nd5 g4 39. Qd1 Rf7 40. Nf4 Qe4+ 41. Kh2 Qf3 42. Qxf3 gxf3 43. Nh3 Re7 44. Rb2 Re4 45. Ra2 Rb4 46. Ng1 Kg7 47. Nxf3 Kf6 48. Kg2 Ke6 49. Nh4 Rg4 50. Kf3 Rg5 51. Ng2 Kd5 52. Nf4+ Kc4 53. Rb2 Bb4 54. Rb1 Kc3 55. e4 fxe4+ 56. Kxe4 Kc2 57. Rh1 Kb3 58. Rg1 Re5+ 59. Kf3 Kxa4 60. g4 Kb3 61. Nd3 Rd5 62. Ke4 Rb5 63. f4 a4 64. g5 hxg5 65. fxg5 d5+ 66. Kf3 a3 67. h6 a2 68. Nxb4 Rxb4 69. g6 Kc4 70. Ra1 Rb6 71. g7 Rf6+ 72. Kg4 Rg6+ 73. Kf5 Rxh6 74. g8=Q Rh5+ 75. Kg6 Rh2 76. Qc8+ Kb3 77. Qb7+ Kc3 78. Qxd5 Kb2 79. Rxa2+ 1-0


[Site "https://www.chess.com"]

[Event "Titled Tuesday Blitz February 07 Early 2023"]
[White "Ter-Sahakyan, Samvel"]
[Black "Dimitrov, Atanas"]
[WhiteFideId "13302531"]
[BlackFideId "2901315"]
[WhiteElo "2617"]
[BlackElo "2269"]
[Result "1-0"]
[Round "03"]
[TimeControl "180+2"]
[Date "2023.02.07"]
[WhiteClock "0:00:14"]
[BlackClock "0:00:20"]

1. d4 Nf6 2. c4 g6 3. Nc3 d5 4. cxd5 Nxd5 5. e4 Nxc3 6. bxc3 Bg7 7. Bc4 O-O 8. Ne2 c5 9. O-O cxd4 10. cxd4 Nc6 11. Be3 b6 12. Qd2 Bb7 13. Rac1 e6 14. Rfd1 Rc8 15. f3 Na5 16. Bd3 Qd7 17. h4 h5 18. e5 Qa4 19. Bh6 Nc4 20. Bxc4 Rxc4 21. Bxg7 Kxg7 22. Rxc4 Qxc4 23. Rc1 Qd5 24. Nf4 Qd8 25. Qf2 Bd5 26. Kh2 a5 27. Qg3 Rh8 28. a3 b5 29. Rc5 Bc4 30. d5 exd5 31. e6 Qd6 32. Nxh5+ 1-0


[Site "https://www.chess.com"]

[Event "Titled Tuesday Blitz February 07 Early 2023"]
[White "Alex_Sahakyan2006"]
[Black "Jones, Gawain C B"]
[BlackFideId "409561"]
[WhiteElo "2712"]
[BlackElo "2618"]
[Result "1-0"]
[Round "03"]
[TimeControl "180+2"]
[Date "2023.02.07"]
[WhiteClock "0:00:27"]
[BlackClock "0:00:07"]

1. e4 e5 2. Nf3 Nc6 3. d4 exd4 4. Nxd4 Nf6 5. Nc3 Bb4 6. Nxc6 bxc6 7. Bd3 d5 8. exd5 O-O 9. O-O cxd5 10. h3 Re8 11. Qf3 c6 12. Bf4 Bd6 13. Rae1 Be6 14. Ne2 c5 15. c3 Rb8 16. b3 h6 17. Ng3 Qc7 18. Bxh6 Ne4 19. Bc1 Nxg3 20. fxg3 Bxg3 21. Qh5 f5 22. Bxf5 Bxe1 23. Bh7+ Kh8 24. Bg6+ Kg8 25. Qh7# 1-0


[Site "https://www.chess.com"]